AoeStats
← Tunga

Arabia

505632049Analyzed
1v1 RM · 23d ago on Sep 10, 2026· 60m 39s· 2 players
Game mode
Random Map
Map size
Tiny (2 player)
Population
200
Speed
Normal
Resources
Standard
Victory
Conquest
Starting age
Dark Age
Ending age
Imperial Age
RankedLock teamsTeams togetherTeam positionsShared explorationLock speedFull tech treeHidden civsTurbo modeCheats
Victory
Defeat
🇫🇷 Teutons · France
770
+15
🇹🇷 Romans · Türkiye
743
-15
Tunga
12:38 Feudal Age
10:54 Loom
13:00 Man-at-Arms
14:53 Horse Collar
15:00 Double-Bit Axe
22:50 Castle Age
21:26 Wheelbarrow
20:39 Town Watch
24:49 Husbandry
27:17 Scale Barding Armor
29:22 Hand Cart
29:50 Chain Barding Armor
29:41 Forging
33:04 Bow Saw
32:48 Crossbowman
38:01 Ballistas
42:00 Imperial Age
43:53 Ballistics
43:34 Light Cavalry
44:25 Bloodlines
47:55 Chemistry
52:16 Elite Centurion
55:06 Heavy Cavalry Archer
56:40 Cavalier
clm.lefebvre
11:16 Feudal Age
13:34 Horse Collar
15:19 Double-Bit Axe
17:34 Stone Mining
20:07 Gold Mining
24:10 Castle Age
22:23 Fletching
27:03 Bodkin Arrow
28:01 Forging
27:52 Scale Mail Armor
30:03 Iron Casting
32:56 Chain Mail Armor
33:11 Heavy Plow
34:31 Bow Saw
40:01 Wheelbarrow
41:30 Hand Cart
45:30 Imperial Age
45:27 Town Watch
46:11 Ballistics
47:30 Chemistry
46:34 Arrowslits
48:45 Two-Man Saw
48:19 Crop Rotation
51:27 Blast Furnace
50:58 Plate Mail Armor
51:10 Ironclad
51:13 Crenellations
52:42 Town Patrol
52:28 Loom
Connection lost

Rejoining the realm…

Still unreachable

The connection could not be restored.

Session expired

The server has moved on; the page needs a fresh start.